 Dungeon Crawl Stone Soup version 0.29-a0-275-g389c0b56f3 (webtiles) character file.

Game seed: 3228072493988141002

325 jimonade the Covered (level 6, -15/53 HPs)
             Began as a Minotaur Fighter on Mar 11, 2022.
             Was a Follower of Okawaru.
             Killed from afar by Ijyb (35 damage)
             ... with a bolt of acid
             ... on level 5 of the Dungeon.
             The game lasted 00:29:51 (4471 turns).

jimonade the Covered (Minotaur Fighter)             Turns: 4471, Time: 00:29:52

Health: -15/53     AC:  3    Str: 23    XL:     6   Next: 24%
Magic:  5/5        EV:  9    Int:  5    God:    Okawaru [*.....]
Gold:   196        SH:  4    Dex:  9    Spells: 5/5 levels left

rFire   . . .      SeeInvis .   N - +1 whip (flame)
rCold   . . .      Faith    .   c - +0 buckler
rNeg    . . .      Spirit   .   b - +0 scale mail
rPois   .          Reflect  .   (helmet restricted)
rElec   .          Harm     .   B - scarf {repulsion}
rCorr   .          Rampage  .   (no gloves)
Will    .....                   (no boots)
Stlth   ..........              G - amulet of the acrobat
HPRegen 0.17/turn               (no ring)
MPRegen 0.09/turn               (no ring)

@: corroded, repel missiles
A: horns 2, retaliatory headbutt
a: Renounce Religion, Heroism


You were on level 5 of the Dungeon.
You worshipped Okawaru.
Okawaru was aware of your devotion.
You visited 1 branch of the dungeon, and saw 5 of its levels.

You collected 196 gold pieces.

Inventory:

Hand Weapons
 a - a +0 war axe
 K - a +0 hunting sling
 L - a +0 dagger of draining
 N - a +1 whip of flaming (weapon)
 Y - a +0 spear
 Z - a +0 halberd
Missiles
 f - 50 stones (quivered)
 u - 2 datura-tipped darts
 J - 9 poisoned darts
Armour
 b - a +0 scale mail (worn)
 c - a +0 buckler (worn)
 g - a +0 barding
 B - a scarf of repulsion (worn)
 I - a +0 robe
Jewellery
 e - a ring of ice
 j - an amulet of the acrobat
 G - an amulet of the acrobat (around neck)
 Q - an amulet of reflection
 W - an amulet of magic regeneration
Wands
 w - a wand of iceblast (11)
Scrolls
 h - a scroll of magic mapping {unknown}
 i - 5 scrolls of identify {unknown}
 n - a scroll of acquirement {unknown}
 o - a scroll of fog {unknown}
 x - a scroll of amnesia {unknown}
 y - a scroll of teleportation {unknown}
Potions
 d - a potion of might
 k - a potion of lignification {unknown}
 v - a potion of heal wounds {unknown}
 C - 2 potions of magic {unknown}
 E - 2 potions of degeneration {unknown}
 S - a potion of curing {unknown}
 V - a potion of attraction {unknown}


   Skills:
 * Level 4.6 Fighting
 * Level 4.9 Axes
 * Level 6.1 Armour
 - Level 1.0 Dodging
 - Level 0.1 Stealth
 + Level 4.1 Shields


You had 5 spell levels left.
You didn't know any spells.
Your spell library contained the following spells:

 Spells                   Type           Power      Damage    Failure   Level
 Anguish                  Hex/Necr       0%         N/A       100%        4
 Enfeeble                 Hex            0%         N/A       100%        7
 Tukima's Dance           Hex            Unusable   N/A       N/A         3

Dungeon Overview and Level Annotations

Branches:
Dungeon (4/15)
 Temple: D:4-7

Altars:
Elyvilon
Okawaru
Vehumet
Xom
Zin
The Shining One

Annotations:
D:2 1 runed translucent door, Crazy Yiuf
D:3 1 runed translucent door, snaxamus's ghost, amateur MiFi
D:5 Ijyb; Pikel


Innate Abilities, Weirdness & Mutations

You have a pair of horns on your head.
You reflexively headbutt those who attack you in melee.


Message History

Here: Ijyb, wielding a +0 dagger, wearing a +3 ring mail of fire resistance and carrying a wand of acid (6)
The floor.
A white imp comes into view.
The white imp shouts!
The white imp gestures at you. The puff of frost hits you.
A howler monkey comes into view.
Ijyb attacks as you move away! Ijyb misses you.
The howler monkey hoots and howls with incredible vigour!
You hear a bellow!
Ijyb attacks as you move away! Ijyb hits you with a +0 dagger.
Ijyb screams, "No!
No, no, no, no!"
Ijyb attacks as you move away! Ijyb hits you with a +0 dagger.
Found a white potion.
Ijyb zaps a wand.
The bolt of acid is repelled.
Pikel says, "You'll make a fine lemure."
You barely miss Ijyb. Your headbutt misses Ijyb.
Ijyb hits you but does no damage.
There are monsters nearby!
Unknown command.
Press: ? - help, v - describe, . - travel A rock wall.
Unknown command.
Unknown command.
Your +1 whip of flaming bursts into flame!
N - a +1 whip of flaming (weapon)
You barely miss Ijyb. You block Ijyb's attack.
You closely miss Ijyb. Ijyb hits you with a +0 dagger.
The howler monkey hoots and howls with incredible vigour!
You hear a shout! x3; You hear an angry hiss.
You hear a bellow!
You hear a shout!
You hear a bellow! x3
You barely miss Ijyb. You headbutt Ijyb, but do no damage.
Ijyb zaps a wand.
The bolt of acid hits you!! The acid corrodes you!
You hit Ijyb but do no damage. You headbutt Ijyb.
Ijyb is lightly wounded.
Ijyb zaps a wand.
The bolt of acid misses you.
You hit Ijyb.
Ijyb is moderately wounded.
Ijyb zaps a wand.
The bolt of acid hits you!!
Ouch! That really hurt!
You die...

.....##..###.#....
...................
....)..............
.........#....##...
....5..5..S........
....5...5.......#
......####....###
....5.# #..5h#####
.#..### #.#555g@.#
.#..# #..#.###.#
.#..# #..#..# .#
..... #...#.# ..
.....# ..#. .. ...
####....!.... ..
........ ..
.........


You could see 3 lemures, Ijyb, a howler monkey and a white imp.

Vanquished Creatures
  An ogre (D:3)
  A jelly (D:4)
  An iguana (D:4)
  2 orc wizards (D:4)
  2 adders
  3 gnolls (D:4)
  3 worms (D:3)
  3 dart slugs
  4 orcs
  A ball python (D:3)
  3 bats
  7 endoplasms
  4 giant cockroaches
  4 hobgoblins
  4 quokkas
  A frilled lizard (D:2)
  16 goblins
  2 kobolds
  6 rats
68 creatures vanquished.

Notes
Turn   | Place    | Note
-------+----------+-------------------------------------------
     0 | D:1      | jimonade the Minotaur Fighter began the quest for the Orb.
     0 | D:1      | Reached XP level 1. HP: 19/19 MP: 0/0
   174 | D:1      | Reached skill level 4 in Armour
   555 | D:1      | Reached XP level 2. HP: 27/27 MP: 1/1
   601 | D:1      | Found a faded altar of an unknown god.
  1624 | D:2      | Reached XP level 3. HP: 33/33 MP: 2/2
  1709 | D:2      | Found a runed translucent door.
  1710 | D:2      | Noticed Crazy Yiuf
  2366 | D:3      | Found an iron altar of Okawaru.
  2449 | D:3      | Became a worshipper of Warmaster Okawaru
  2510 | D:3      | Found a shimmering altar of Xom.
  2644 | D:3      | Found a white marble altar of Elyvilon.
  2644 | D:3      | Found a glowing golden altar of the Shining One.
  2645 | D:3      | Found a glowing silver altar of Zin.
  2671 | D:3      | Noticed an ogre
  2713 | D:3      | Killed an ogre
  2714 | D:3      | Reached skill level 5 in Armour
  2714 | D:3      | Reached skill level 1 in Dodging
  2714 | D:3      | Reached XP level 4. HP: 19/40 MP: 3/3
  2714 | D:3      | Reached XP level 5. HP: 22/46 MP: 4/4
  3006 | D:3      | Noticed snaxamus's ghost (amateur MiFi)
  3010 | D:3      | Found a runed translucent door.
  3287 | D:3      | Found a radiant altar of Vehumet.
  4085 | D:4      | Reached XP level 6. HP: 51/53 MP: 5/5
  4237 | D:4      | Reached skill level 6 in Armour
  4278 | D:4      | Reached * piety under Okawaru
  4446 | D:4      | You fall into a shaft and drop 1 floor!
  4446 | D:5      | Entered Level 5 of the Dungeon
  4446 | D:5      | Noticed Pikel
  4446 | D:5      | Noticed Ijyb
  4471 | D:5      | Killed from afar by Ijyb

Illustrated notes

Levels and vault maps discovered:
D:1:      amcnicky_arrival_flooded_fountain, layout_loops_ring,
          basic_ecumenical_altar, minmay_pentomino_q4
D:2:      layout_basic, uniq_crazy_yiuf_cottage
D:3:      layout_loops_ring, good_gods_temple_1, old_standard_altar,
          okawaru_trees_1, nicolae_vehumet_radiance,
          hellmonk_ghost_happy_afterlife, cheibrodos_sewer_entry_bend,
          minmay_ogre_servants
D:4:      layout_basic
D:5:      layout_rooms, nicolae_uskayaw_en_pointe, grunt_ministairs_3,
          minmay_quadrilaterals, uniq_duvessa, uniq_pikel, uniq_ijyb

Skill      XL: |  1  2  3  4  5  6 |
---------------+-------------------+-----
Armour         | 4 5 6 |  6.1
Shields        | 4 |  4.1
Fighting       | 4 |  4.6
Axes           | 3 4 |  4.9
Dodging        | 1 |  1.0
Stealth        | |  0.1

Action                   |  1- 3 |  4- 6 || total
-------------------------+-------+-------++-------
Melee: War axe           |    88 |    54 ||   142
       Headbutt          |     9 |    12 ||    21
       Whip              |       |     5 ||     5
Armor: Scale mail        |    34 |    11 ||    45
Dodge: Dodged            |    32 |    38 ||    70
       Repelled          |       |     1 ||     1
Block: Buckler           |    15 |    14 ||    29

Table legend: (Time is in decaauts)
 A = Elapsed time spent in this place.
 B = Non-inter-level travel time spent in this place.
 C = Inter-level travel time spent in this place.
 D = Time resting spent in this place.
 E = Time spent auto-exploring this place.
 F = Levels seen in this place.
 G = Mean time per level.
                   A        B        C        D        E       F      G
               +--------+--------+--------+--------+--------+-----+--------+
         Total |   4530 |   4267 |    263 |    464 |   2553 |   5 |  906.0 |
       Dungeon |   4530 |   4267 |    263 |    464 |   2553 |   5 |  906.0 |
               +--------+--------+--------+--------+--------+-----+--------+

Top non-repeatable levels by time:
     D:3: 1538 daAuts
     D:1: 1257 daAuts
     D:2: 1109 daAuts
     D:4: 600 daAuts
     D:5: 24 daAuts
